 Seeded DCSS version 0.30.0-18-gc0e69614cb (webtiles) character file.

Game seed: 6351066067085065685 (custom seed)

18 Esekla the Sneak (level 2, -4/21 HPs)
             Began as an Octopode Delver on May 24, 2023.
             Killed from afar by a white imp (11 damage)
             ... with a puff of frost
             ... on level 6 of the Dungeon.
             The game lasted 00:03:02 (438 turns).

Esekla the Sneak (Octopode Delver)                   Turns: 438, Time: 00:03:02

Health: -4/21      AC:  1    Str: 11    XL:     2   Next: 70%
Magic:  2/2        EV: 13    Int: 12    God:
Gold:   19         SH:  0    Dex: 13    Spells: 1/1 levels left

rFire   . . .        a - +0 falchion
rCold   . . .        (no shield)
rNeg    . . .        (helmet restricted)
rPois   .            (no amulet)
rElec   .            (no ring)
rCorr   .            (no ring)
SInv    .            (no ring)
Will    .....        (no ring)
Stlth   ++++         (no ring)
HPRegen 0.23/turn    (no ring)
MPRegen 0.08/turn    (no ring)
                     (no ring)

%: no passive effects
@: no status effects
A: almost no armour, amphibious, 8 rings, camouflage 1, gelatinous body 1,
(nimble swimmer 1), tentacles
a: no special abilities


You were on level 6 of the Dungeon.
You visited 1 branch of the dungeon, and saw 2 of its levels.

You collected 19 gold pieces.

Inventory:

Hand Weapons
 a - a +0 falchion (weapon)
Wands
 f - a wand of digging (3)
 g - a wand of flame (15)
Scrolls
 b - a scroll of fog
 c - a scroll of magic mapping
 d - a scroll of amnesia {unknown}
 h - a scroll of blinking {unknown}
 j - 4 scrolls of identify {unknown}
Potions
 e - a potion of haste
 i - a potion of heal wounds {unknown}


   Skills:
 * Level 3.2 Fighting
 * Level 2.1 Long Blades
 * Level 2.1 Dodging
 + Level 7.0 Stealth
 * Level 0.4 Spellcasting


You had one spell level left.
You didn't know any spells.
Your spell library was empty.

Dungeon Overview and Level Annotations

Branches:
Dungeon (6/15)             Temple (0/1) D:6

Altars:


Innate Abilities, Weirdness & Mutations

You cannot wear most types of armour.
You are amphibious.
You can wear up to eight rings at the same time.
Your skin changes colour to match your surroundings (Stealth+).
Your rubbery body absorbs attacks. (AC +1, EV +1)
((You are camouflaged when in or above water. (Stealth+)))
You have tentacles for arms and can constrict up to eight enemies at once.


Message History

You kill the orc!
Your Stealth skill increases to level 7!
Things that are here:
a +0 club; an orc corpse You start resting.
HP restored.
A scorpion comes into view.
Things that are here:
a +0 club; an orc corpse
Found a scroll labelled OPUZOUSOET.
Found a scroll labelled BAAPSI VUUTI.
j - 3 scrolls labelled OPUZOUSOET (gained 1)
d - a scroll labelled BAAPSI VUUTI You see here a +0 mace.
There is an escape hatch in the floor here.
You slide downwards.
The hatch slams shut behind you.
Found 6 stones and a robe.
Found a staircase to the Ecumenical Temple.
A lemure comes into view.
Found a scale mail.
Found a scroll labelled OPUZOUSOET.
j - 4 scrolls labelled OPUZOUSOET (gained 1)
Found a glowing battleaxe.
You see here a +0 battleaxe of electrocution.
Found a ring mail.
A sky beast comes into view.
Found a bubbling green potion.
The sky beast moves out of view.
A white imp comes into view.
Found 19 gold pieces.
The white imp gestures at you. The puff of frost hits you!
You see here 19 gold pieces.
You now have 19 gold pieces.
The white imp gestures at you. The puff of frost hits you.
* * * LOW HITPOINT WARNING * * *
The white imp gestures at you. The puff of frost hits you!
Ouch! That really hurt!
You die...

############## ##.##
5## ##...##
.............#####.#5#
#..##
##.#########........##.
...# ##.#
#...........#. ##.#
##.# #.#.#.#.#.#...#
##.# #(..........###
...# #.#[......#.# ####
####...........# ###
.....#...@...#.# ..#
......[........# . #.#
.....#5......#.... #.#
........!......##. #.#
.....#.#.#.#.#.#
#.#########...........#
#.......# ####.###....#
#.#####.# ##.###..###
#.#####.# #...[.....#


You could see a white imp.

Vanquished Creatures
  An adder (D:6)
  A white imp (D:5)
  An orc (D:5)
3 creatures vanquished.

Notes
Turn   | Place    | Note
-------+----------+-------------------------------------------
     0 | D:5      | Esekla the Octopode Delver began the quest for the Orb.
     0 | D:5      | Reached XP level 1. HP: 16/16 MP: 1/1
    24 | D:5      | Noticed a sleepcap
    93 | D:6      | Noticed an ice beast
   102 | D:6      | Reached XP level 2. HP: 12/21 MP: 2/2
   125 | D:6      | Noticed a lemure
   126 | D:6      | Noticed a lemure
   141 | D:6      | Noticed a lemure
   215 | D:5      | Reached skill level 7 in Stealth
   273 | D:5      | Noticed a scorpion
   357 | D:6      | Found a staircase to the Ecumenical Temple.
   358 | D:6      | Noticed a lemure
   412 | D:6      | Noticed a sky beast
   438 | D:6      | Killed from afar by a white imp

Illustrated notes

Levels and vault maps discovered:
D:5:      layout_loops_ring, lemuel_doored_altar, minmay_misc_feat_rows,
          dreamdust_wishing_well
D:6:      layout_loops_cross, fedhas_altar_fruit_tree,
          minmay_temple_entry_glass, uniq_pikel, uniq_blork_the_orc

Skill      XL: |  1  2 |
---------------+-------+-----
Stealth        | 7 |  7.0
Fighting       | |  3.2
Long Blades    | |  2.1
Dodging        | |  2.1
Spellcasting   | |  0.4

Action                     || total
---------------------------++-------
  Melee: Falchion          ||    10
         Constrict         ||     3
         Tentacles         ||     3
         Punch             ||     1
    Use: Scroll            ||     2
   Stab: Sleeping          ||     1
 Armour: Skin              ||     1
  Dodge: Dodged            ||     3
